 Dungeon Crawl Stone Soup version 0.30-a0-639-g3916f1956a (webtiles) character file.

Game seed: 14802757800816355629

22382 rogsnak the Destroyer (level 12, -1/83 HPs)
             Began as a Barachi Earth Elementalist on Jan 14, 2023.
             Was an Elder of Sif Muna.
             Killed from afar by a hell hound (14 damage)
             ... with a blast of flame
             ... led by Azrael
             ... on level 14 of the Dungeon on Jan 15, 2023.
             The game lasted 01:03:55 (17429 turns).

rogsnak the Destroyer (Barachi Earth Elementalist) Turns: 17429, Time: 01:03:56

Health: -1/83      AC: 12    Str:  9    XL:     12   Next: 99%
Magic:  16/36      EV: 14    Int: 21    God:    Sif Muna [****..]
Gold:   1842       SH:  0    Dex: 13    Spells: 24/34 levels left

rFire   . . .      SeeInvis .    Q - staff of earth
rCold   . . .      Faith    +    (no shield)
rNeg    . . .      Spirit   .    W - +0 steam dragon scales
rPois   .          Reflect  .    v - +0 helmet
rElec   .          Harm     .    o - +0 cloak
rCorr   +          Rampage  .    m - +2 pair of gloves
Will    .....                    C - +0 pair of boots
Stlth   ++                       K - amulet of faith
HPRegen 0.33/turn                p - ring of resist corrosion
MPRegen 0.25/turn                X - ring of magical power

@: about to teleport, unable to hop, studying Axes, slow
A: amphibious, slowness 1, strong legs 1, +LOS
a: Hop, Renounce Religion, Channel Magic, Forget Spell, Divine Exegesis


You were on level 14 of the Dungeon.
You worshipped Sif Muna.
Sif Muna was greatly pleased with you.
You visited 2 branches of the dungeon, and saw 15 of its levels.
You also visited: Sewer and Bailey.

You collected 1947 gold pieces.
You spent 105 gold pieces at shops.

Inventory:

Hand Weapons
 a - a +2 whip of draining
 j - a +5 halberd of electrocution
 I - the +6 quarterstaff "Worm's Wrath" {freeze, Dex+4}
   (You found it on level 11 of the Dungeon)

   Dex:       It affects your dexterity (+4).
Missiles
 M - 4 curare-tipped darts (quivered)
 S - 3 atropa-tipped darts
Armour
 m - a +2 pair of gloves (worn)
 o - a +0 cloak (worn)
 v - a +0 helmet (worn)
 x - a +0 buckler
 C - a +0 pair of boots (worn)
 F - the +3 ring mail "Limeif" {Drain rElec Will- Str+9}
   (You found it on level 4 of the Dungeon)

   Str:       It affects your strength (+9).
   rElec:     It insulates you from electricity.
   Drain:     It drains your maximum health when unequipped.
   Will:      It decreases your willpower.
 L - +0 acid dragon scales
 R - a +1 leather armour of poison resistance
 U - the +5 ring mail of the Locust {Drain Fly Regen+ Stlth+}
   (You found it on level 8 of the Dungeon)

   Fly:       It grants you flight.
   Regen:     It increases your rate of health regeneration.
   Drain:     It drains your maximum health when unequipped.
   Stlth:     It makes you more stealthy.
 W - +0 steam dragon scales (worn)
Magical Staves
 Q - a staff of earth (weapon)
 Y - a staff of fire
Jewellery
 e - a ring of willpower
 p - a ring of resist corrosion (left hand)
 q - a +5 ring of evasion
 E - a ring of wizardry
 K - an amulet of faith (around neck)
 O - an amulet of regeneration
 X - a ring of magical power (right hand)
Wands
 c - a wand of polymorph (6)
 u - a wand of charming (7)
 w - a wand of mindburst (12)
 y - a wand of flame (25)
 A - a wand of digging (9)
Scrolls
 f - 3 scrolls of fear {unknown}
 g - 6 scrolls of teleportation
 h - a scroll of amnesia
 n - 3 scrolls of poison
 t - 4 scrolls of enchant armour {unknown}
 V - 2 scrolls of immolation
 Z - a scroll of blinking
Potions
 b - 4 potions of magic
 d - 9 potions of curing
 i - 5 potions of flight {unknown}
 k - 6 potions of might {unknown}
 l - 3 potions of attraction {unknown}
 z - 4 potions of degeneration {unknown}
 B - 4 potions of brilliance
 D - 5 potions of invisibility {unknown}
 G - 10 potions of heal wounds {unknown}
 H - a potion of berserk rage
 J - 8 potions of mutation {unknown}
 N - 6 potions of cancellation {unknown}
 P - 3 potions of haste
 T - 2 potions of resistance


   Skills:
 + Level 3.8 Fighting
 + Level 3.0 Armour
 + Level 6.6 Dodging
 - Level 2.0 Stealth
 + Level 11.9 Spellcasting
 * Level 12.8 Conjurations
 - Level 1.1 Transmutations
 + Level 3.0 Fire Magic
 + Level 11.4 Earth Magic
 + Level 0.8 Evocations


You had 24 spell levels left.
You knew the following spells:

 Your Spells              Type           Power      Damage    Failure   Level
a - Sandblast             Erth           100%       2d20      1%          1
b - Stone Arrow           Conj/Erth      100%       3d13      1%          3
c - Passwall              Tmut/Erth      45%        N/A       1%          2
d - Sticky Flame          Conj/Fire      46%        2d6       1%          4

Your spell library contained the following spells:

 Spells                   Type           Power      Damage    Failure   Level
 Searing Ray              Conj           100%       2d8       1%          2
 Dazzling Flash           Conj/Hex       78%        N/A       1%          3
 Beastly Appendage        Tmut           34%        N/A       3%          1
 Fulminant Prism          Conj/Hex       19%        3d11      3%          4
 Wereblood                Tmut           17%        N/A       4%          2
 Petrify                  Tmut/Erth      55%        N/A       4%          4
 Ensorcelled Hibernation  Hex/Ice        24%        N/A       9%          2
 Spider Form              Tmut/Pois      14%        N/A       13%         3
 Ice Form                 Ice/Tmut       14%        N/A       38%         4
 Anguish                  Hex/Necr       6%         N/A       47%         4
 Conjure Ball Lightning   Conj/Air       19%        3x3d6     50%         6
 Yara's Violent Unravell  Hex/Tmut       7%         3d5       75%         5
 Silence                  Hex/Air        6%         N/A       83%         5
 Discord                  Hex            6%         N/A       100%        8
 Disjunction              Tloc           6%         N/A       100%        8


Dungeon Overview and Level Annotations

Branches:
Dungeon (14/15)            Temple (1/1) D:5            Lair (0/5) D:11
    Orc (0/2) D:11         Vaults (0/5) D:13          Sewer (visited)
 Bailey (visited)

Altars:
Ashenzari
Cheibriados
Elyvilon
Fedhas
Gozag
Hepliaklqana
Nemelex Xobeh
Okawaru
Qazlal
Sif Muna
Trog
Wu Jian
Xom
Yredelemnul
Zin
The Shining One

Shops:
D:1 (   D:3 [   D:8 (   D:9 *=[:   D:10 [   D:11 [(   D:14 :

Annotations:
D:6 3 runed translucent doors, KryptKrawler's ghost, novice HOMo
D:10 2 runed translucent doors, Iich's ghost, journeyman DsFi


Innate Abilities, Weirdness & Mutations

You are amphibious.
You cover ground slowly.
You can hop short distances.
You have an extended range of vision and can be seen from far away.


Message History

Press: ? - help, Shift-Dir - straight line, f/p - Azrael
Aim: Azrael, wielding a +1 scimitar of flaming (severely wounded, 92% to hit)
You feel a surge of power!
The stone arrow hits Azrael!!
Azrael is almost dead.
You are covered in liquid flames!
The hell hound bites you but does no damage.
Azrael gestures at you.
The fireball explodes!
The fireball engulfs you!!!
The fireball engulfs the hell hound.
The hell hound completely resists.
The fireball engulfs Azrael.
Azrael completely resists.
The hell hound barely misses you.
You hear a bark!
Unknown command.
Casting: Stone Arrow (safe; 1% risk of failure)
Confirm with . or Enter, or press ? or * to list all spells.
Aiming: Stone Arrow (safe; 1% risk of failure)
Press: ? - help, Shift-Dir - straight line, f/p - Azrael
Aim: Azrael, wielding a +1 scimitar of flaming (almost dead, 92% to hit)
You feel a surge of power!
The stone arrow hits Azrael!!
You kill Azrael!
Sif Muna accepts your kill.
You are covered in liquid flames!
The hell hound misses you. The hell hound completely misses you.
Unknown command.
Unknown command.
You are covered in liquid flames!
* * * LOW HITPOINT WARNING * * *
You are no longer on fire.
Casting: Stone Arrow (safe; 1% risk of failure)
Confirm with . or Enter, or press ? or * to list all spells.
You don't know that spell.
As you read the scroll of teleportation, it crumbles to dust.
You feel strangely unstable. The hell hound misses you.
The hell hound bites you!
* * * LOW HITPOINT WARNING * * *
The hell hound bites you but does no damage.
The hell hound breathes flames at you.
The blast of flame hits the hell hound.
The hell hound completely resists.
The blast of flame hits you!
You die...

..#.....#.....†..# .. #..
..#.....#h.......# ... #..
..#.)...#........# .). #..
..#.....#........# #..
..#.....#...°....# #..
###.....###'####.# # ##..
...............#+####..## #...
.............h)hh.........h°.#...
###.####.......#@..........h.#...
###.####.......#.............#...
###.####.......#...##...##h.○#...
###.####.>.....#...##...##..°#...
...............#....'... #..R#..°
###.####.......#....#... #...#...
###.####.......#....#... #..°#☼..
###.####.......######... #...○h..
###.#########.... ###...##...#...


You could see 3 hell hounds.

Vanquished Creatures
  Azrael (D:14)
  2 hydras
  Erica (D:10)
  4 two-headed ogres
  A dancing weapon (D:13)
  A tengu warrior (D:14)
  A skeletal warrior (D:14)
  An orc knight (D:13)
  A deep elf pyromancer (D:13)
  An ugly thing (D:11)
  Joseph (D:8)
  2 gargoyles
  Maggie (D:8)
  2 unseen horrors
  4 komodo dragons
  A freezing wraith (D:14)
  Prince Ribbit (D:8)
  3 hornets
  3 shadows
  9 slime creatures (D:12)
  2 humans (D:9)
  A vampire (D:8)
  Grum (D:8)
  A steam dragon (D:7)
  14 yaks
  6 vampire mosquitoes
  An acid dragon (D:8)
  Duvessa (D:6)
  2 hell hounds (D:14)
  3 ice beasts (D:6)
  8 orc warriors
  2 ogres
  A black bear (D:6)
  3 phantoms
  2 wolves (D:8)
  3 centaurs
  6 kobold brigands
  2 bullfrogs
  4 necrophages
  3 scorpions
  8 wights
  Dowan (D:6)
  8 killer bees
  A vampire bat (D:6)
  4 hounds
  7 orc priests
  2 jellies
  2 gnoll boudas
  Ijyb (D:3)
  An iguana (D:7)
  11 orc wizards
  Natasha (thrice) (D:3)
  Robin (D:4)
  18 gnolls
  13 adders
  2 white imps
  An ufetubus (D:6)
  3 worms
  3 dart slugs
  62 orcs
  17 bats
  7 endoplasms
  10 giant cockroaches
  15 hobgoblins
  12 jackals
  5 quokkas
  17 ball pythons
  14 goblins
  35 kobolds
  6 rats
397 creatures vanquished.

Vanquished Creatures (others)
  A cyclops (D:13)
  5 dream sheep (D:9)
  A jackal (D:3)
  20 plants
27 creatures vanquished.

Grand Total: 424 creatures vanquished

Notes
Turn   | Place    | Note
-------+----------+-------------------------------------------
     0 | D:1      | rogsnak the Barachi Earth Elementalist began the quest for
                  | the Orb.
     0 | D:1      | Reached XP level 1. HP: 13/13 MP: 3/3
   178 | D:1      | Reached XP level 2. HP: 19/19 MP: 0/5
   436 | D:1      | Found Yvufonk's Weapon Shoppe.
   920 | D:1      | Reached XP level 3. HP: 24/24 MP: 4/6
  1354 | D:2      | Reached XP level 4. HP: 30/30 MP: 5/8
  1877 | D:2      | Learned a level 3 spell: Stone Arrow
  1880 | D:2      | Learned a level 2 spell: Passwall
  1960 | D:3      | Noticed Natasha
  1963 | D:3      | Killed Natasha
  1995 | D:3      | Reached XP level 5. HP: 35/35 MP: 7/9
  2018 | D:3      | Found a stormy altar of Qazlal.
  2170 | D:3      | Reached skill level 1 in Conjurations
  2317 | D:3      | Got the Omnibus of Wounds
  2353 | D:3      | Reached skill level 5 in Earth Magic
  2353 | D:3      | Reached XP level 6. HP: 27/41 MP: 8/11
  2480 | D:3      | Reached skill level 2 in Conjurations
  2619 | D:3      | Found Vonuedd's Antique Armour Boutique.
  2658 | D:3      | Noticed Ijyb
  2713 | D:3      | Noticed Natasha
  2720 | D:3      | Killed Natasha
  2738 | D:3      | Killed Ijyb
  3101 | D:3      | Noticed Natasha
  3106 | D:3      | Killed Natasha
  3107 | D:3      | Reached XP level 7. HP: 46/46 MP: 11/13
  3344 | D:4      | Noticed Robin
  3389 | D:4      | Killed Robin
  3603 | D:4      | Identified the +3 ring mail "Limeif" {Drain rElec Will-
                  | Str+9}
  3636 | D:4      | Reached skill level 5 in Spellcasting
  3636 | D:4      | Reached skill level 3 in Conjurations
  3719 | D:5      | Entered Level 5 of the Dungeon
  3733 | D:4      | Found an opulent altar of Gozag.
  4241 | D:4      | Reached XP level 8. HP: 51/53 MP: 11/16
  4365 | D:4      | Found a shimmering blue altar of Sif Muna.
  4371 | D:4      | Became a worshipper of Sif Muna the Loreminder
  4521 | D:5      | Reached skill level 1 in Fighting
  4656 | D:5      | Found a staircase to the Ecumenical Temple.
  4662 | Temple   | Entered the Ecumenical Temple
  4912 | D:5      | Found a blossoming altar of Fedhas.
  5147 | D:5      | Reached skill level 4 in Conjurations
  5316 | D:6      | Reached skill level 1 in Armour
  5392 | D:6      | Noticed Duvessa
  5433 | D:6      | Found a glowing drain.
  5454 | Sewer    | Entered a sewer
  5483 | Sewer    | Reached * piety under Sif Muna
  5772 | Sewer    | Reached ** piety under Sif Muna
  5774 | Sewer    | Reached XP level 9. HP: 61/61 MP: 15/19
  5949 | D:6      | Reached skill level 5 in Conjurations
  5960 | D:6      | Found a hazy altar of Hepliaklqana.
  6043 | D:6      | Noticed a two-headed ogre
  6081 | D:6      | Noticed KryptKrawler's ghost (novice HOMo)
  6081 | D:6      | Noticed a kobold demonologist
  6082 | D:6      | Found a runed translucent gate.
  6082 | D:6      | Found a runed translucent gate.
  6082 | D:6      | Found a runed translucent gate.
  6661 | D:6      | Upgraded the game from 0.30-a0-632-g346586fe48 to
                  | 0.30-a0-639-g3916f1956a
  6707 | D:6      | Found an ornate altar of the Wu Jian Council.
  6800 | D:6      | Noticed Dowan
  6831 | D:6      | Killed Dowan
  6842 | D:6      | Killed Duvessa
  7158 | D:6      | Killed a two-headed ogre
  7159 | D:6      | Reached skill level 6 in Conjurations
  7533 | D:7      | Reached XP level 10. HP: 68/68 MP: 12/22
  7907 | D:7      | Reached skill level 7 in Conjurations
  8292 | D:7      | Found a bloodstained altar of Trog.
  8439 | D:7      | Reached *** piety under Sif Muna
  8844 | D:8      | Found a broken altar of Ashenzari.
  8871 | D:8      | Noticed Prince Ribbit
  8882 | D:8      | Killed Prince Ribbit
  8889 | D:8      | Noticed Maggie
  8896 | D:8      | Killed Maggie
  8915 | D:8      | Found Aloasoan's Antique Weapon Emporium.
  8952 | D:8      | Found a flagged portal.
  8996 | Bailey   | Entered a bailey
  9344 | Bailey   | Learned a level 4 spell: Sticky Flame
  9613 | Bailey   | Reached **** piety under Sif Muna
  9883 | D:8      | Identified the +5 ring mail of the Locust {Drain Fly Regen+
                  | Stlth+}
 10082 | D:8      | Acquired 1022 gold pieces
 10086 | D:8      | Acquired a staff of earth
 10146 | D:8      | Noticed Grum
 10296 | D:8      | Killed Grum
 10297 | D:8      | Reached skill level 8 in Conjurations
 10603 | D:8      | Noticed Joseph
 10608 | D:8      | Killed Joseph
 10811 | D:8      | Found a glowing silver altar of Zin.
 10910 | D:9      | Noticed a gargoyle
 10916 | D:9      | Killed a gargoyle
 11153 | D:9      | Reached XP level 11. HP: 46/75 MP: 19/24
 11162 | D:9      | Reached skill level 5 in Dodging
 11170 | D:9      | Reached skill level 1 in Fire Magic
 11179 | D:9      | Reached skill level 9 in Conjurations
 11401 | D:9      | Found Gigua's Antique Armour Shoppe.
 11401 | D:9      | Found Ohas Ita's General Store.
 11401 | D:9      | Found Jollyjia's Jewellery Shoppe.
 11407 | D:9      | Found Ipatsuxzag's Book Shoppe.
 11409 | D:9      | Bought a scroll of blinking for 105 gold pieces
 11460 | D:9      | Reached skill level 10 in Earth Magic
 11640 | D:9      | Found a shimmering altar of Xom.
 11668 | D:9      | Reached ***** piety under Sif Muna
 11724 | D:9      | Received a gift from Sif Muna
 11727 | D:9      | Got Sif Muna's Thoughts on Anathema and Chilblains {god
                  | gift}
 11759 | D:9      | Found an iron altar of Okawaru.
 12135 | D:10     | Entered Level 10 of the Dungeon
 12135 | D:10     | Noticed Erica
 12141 | D:10     | Killed Erica
 12273 | D:10     | Reached skill level 10 in Spellcasting
 12525 | D:10     | Found a large runed translucent door.
 12525 | D:10     | Found a large runed translucent door.
 12618 | D:10     | Reached skill level 10 in Conjurations
 12716 | D:10     | Found a snail-covered altar of Cheibriados.
 12719 | D:10     | Found a white marble altar of Elyvilon.
 12770 | D:10     | Found Keicwu's Armour Shop.
 13037 | D:10     | Noticed Iich's ghost (journeyman DsFi)
 13063 | D:11     | Identified the +6 quarterstaff "Worm's Wrath" {freeze,
                  | Dex+4}
 13228 | D:11     | Found a staircase to the Lair.
 13234 | D:11     | Noticed a two-headed ogre
 13246 | D:11     | Killed a two-headed ogre
 13418 | D:11     | Noticed a red ugly thing
 13427 | D:11     | Killed a red ugly thing
 13529 | D:11     | Found Xaelaret's Weapon Shoppe.
 13543 | D:11     | Reached XP level 12. HP: 81/81 MP: 20/26
 13625 | D:11     | Noticed a two-headed ogre
 13627 | D:11     | Found a staircase to the Orcish Mines.
 13722 | D:11     | Found Fijohirch's Armour Shoppe.
 13795 | D:11     | Killed a two-headed ogre
 13796 | D:11     | Reached skill level 11 in Conjurations
 15111 | D:13     | Noticed a five-headed hydra
 15122 | D:13     | Killed a five-headed hydra
 15392 | D:13     | Noticed a two-headed ogre
 15396 | D:13     | Killed a two-headed ogre
 15397 | D:13     | Reached skill level 12 in Conjurations
 15539 | D:13     | Noticed a tengu reaver
 15539 | D:13     | Noticed a deep troll earth mage
 15804 | D:13     | Found a gate to the Vaults.
 15804 | D:13     | Noticed a vault guard
 15804 | D:13     | Noticed a vault guard
 15804 | D:13     | Noticed a vault guard
 15804 | D:13     | Noticed a vault guard
 15804 | D:13     | Noticed a vault guard
 15804 | D:13     | Noticed a vault guard
 15805 | D:13     | Noticed a vault guard
 15805 | D:13     | Noticed a vault guard
 15846 | D:14     | Noticed a tengu warrior
 15856 | D:14     | Noticed an eight-headed hydra
 15859 | D:14     | Killed a tengu warrior
 15866 | D:14     | Killed an eight-headed hydra
 16075 | D:14     | Noticed Azrael
 16499 | D:14     | Found Usmut's Book Shop.
 16558 | D:14     | HP: 3/83 [Azrael/fireball (36)]
 16921 | D:14     | Noticed a death knight
 17427 | D:14     | Killed Azrael
 17429 | D:14     | Killed from afar by a hell hound

Illustrated notes

Levels and vault maps discovered:
D:1:      eino_arrival_water_star, layout_loops_corners, serial_shops,
          nicolae_shop_temple_entry_statues_fountains, serial_bayou_lagoon_b
D:2:      layout_loops_ring, kennysheep_generic_room_13
D:3:      layout_loops_ring, grunt_qazlal_clouds, serial_shops,
          nicolae_diamond_shop, moated_statue, uniq_natasha, uniq_ijyb
D:4:      layout_basic, mainiacjoe_overflow_catwalk, lemuel_round_altar,
          minmay_snake_closets, uniq_robin
D:5:      layout_basic, mainiacjoe_overflow_concentric_impassable,
          minmay_temple_entry_waves, fountainhead
D:6:      layout_basic, pdpol_wu_jian_five_deadly_venoms,
          mainiacjoe_overflow_tiny_flanked, portal_sewer_entry_e,
          gammafunk_ghost_nasty_kobolds, minmay_misc_feat_room, roderic_batcave,
          minivault_27, supply_closet_lemuel, nrook_campfire,
          serial_bayou_pond_b, minmay_fractal_squares_gapless_5, uniq_duvessa
D:7:      layout_loops_ring, nicolae_overflow_hidden_temple
D:8:      layout_loops_ring, mainiacjoe_overflow_24_doors, zin_scriptorium,
          serial_shops, nicolae_shop_waterfront, enter_bailey_4,
          uniq_prince_ribbit1, uniq_joseph, uniq_maggie, uniq_grum
D:9:      layout_basic, kb_xom_exploding_sheep, okawaru_humans,
          minmay_shop_grid_forest
D:10:     layout_big_octagon, kennysheep_slug_shrine, old_standard_altar,
          serial_shops, kennysheep_mini, ebering_ghost_disaster_area,
          hangedman_abyss_or_decor_stabs, chequers_garden, uniq_erica
D:11:     layout_rooms, david_lair_shrubbed, orc_david_3
D:12:     layout_roguey
D:13:     minmay_octo_star, layout_basic, erik_vaults_2, gammafunk_ghost_arena
D:14:     layout_gridville, serial_shops, shop, reono_crystal_passage,
          uniq_azrael
Temple:   compressed_dpeg_triangle_lava_temple

Skill      XL: |  1  2  3  4  5  6  7  8  9 10 11 12 |
---------------+-------------------------------------+-----
Stealth        | 2 |  2.0
Earth Magic    | 4 5 6 7 8 9 10 11 | 11.4
Spellcasting   | 3 4 5 6 8 9 10 11 | 11.9
Dodging        | 3 4 5 6 |  6.6
Conjurations   | 1 2 3 4 6 8 10 12 | 12.8
Fighting       | 1 2 3 |  3.8
Armour         | 1 2 3 |  3.0
Fire Magic     | 2 3 |  3.0
Transmutations | |  1.1
Evocations     | |  0.8

Action                   |  1- 3 |  4- 6 |  7- 9 | 10-12 || total
-------------------------+-------+-------+-------+-------++-------
Melee: Dagger            |     1 |       |   191 |    30 ||   222
       Short sword       |     4 |       |       |       ||     4
       Whip              |     3 |     3 |       |       ||     6
       Spear             |       |    13 |    16 |       ||    29
       Punch             |       |       |     1 |     2 ||     3
       Staff             |       |       |       |    66 ||    66
       Halberd           |       |       |       |     1 ||     1
Throw: Dart              |       |       |     1 |       ||     1
 Cast: Sandblast         |    44 |    69 |   148 |    27 ||   288
       Stone Arrow       |       |       |    26 |   275 ||   301
       Passwall          |       |       |     1 |       ||     1
       Sticky Flame      |       |       |       |    46 ||    46
 Abil: Hop               |       |       |     4 |     8 ||    12
Evoke: Wand              |       |       |     4 |     2 ||     6
  Use: Scroll            |       |       |       |    20 ||    20
       Potion            |       |       |       |     1 ||     1
 Stab: Sleeping          |       |     1 |     8 |       ||     9
Armor: Robe              |     1 |    14 |    29 |       ||    44
       Leather armour    |       |       |    75 |    15 ||    90
       Steam dragon scal |       |       |       |    63 ||    63
Dodge: Dodged            |    11 |    20 |   176 |   165 ||   372

Table legend: (Time is in decaauts)
 A = Elapsed time spent in this place.
 B = Non-inter-level travel time spent in this place.
 C = Inter-level travel time spent in this place.
 D = Time resting spent in this place.
 E = Time spent auto-exploring this place.
 F = Levels seen in this place.
 G = Mean time per level.
                   A        B        C        D        E       F      G
               +--------+--------+--------+--------+--------+-----+--------+
         Total |  19415 |  19029 |    386 |   4910 |   7082 |  17 | 1142.1 |
       Dungeon |  18200 |  17814 |    386 |   4487 |   6954 |  14 | 1300.0 |
        Temple |      4 |      4 |      0 |      0 |      0 |   1 |    4.0 |
         Sewer |    413 |    413 |      0 |     19 |    116 |   1 |  413.0 |
        Bailey |    797 |    797 |      0 |    403 |     10 |   1 |  797.0 |
               +--------+--------+--------+--------+--------+-----+--------+

Top non-repeatable levels by time:
     D:6: 2150 daAuts
    D:14: 1707 daAuts
     D:8: 1655 daAuts
     D:9: 1522 daAuts
     D:4: 1516 daAuts
     D:3: 1361 daAuts
     D:7: 1256 daAuts
    D:12: 1213 daAuts
     D:1: 1156 daAuts
     D:2: 1071 daAuts
    D:11: 1010 daAuts
    D:10: 924 daAuts
     D:5: 844 daAuts
    D:13: 808 daAuts
  Bailey: 797 daAuts
